AoeStats
← joeyvankoningsbruggen

Glade

510385028Analyzed
1v1 RM · 1d ago on Sep 30, 2026· 25m 34s· 2 players
Game mode
Random Map
Map size
Tiny (2 player)
Population
200
Speed
Normal
Resources
Standard
Victory
Conquest
Starting age
Dark Age
Ending age
Imperial Age
RankedLock teamsTeams togetherTeam positionsShared explorationLock speedFull tech treeHidden civsTurbo modeCheats
Victory
Defeat
🇲🇹 Romans · Malta
1153
+16
🇬🇧 Koreans · United Kingdom
1157
-16
joeyvankoningsbruggen
10:09 Feudal Age
11:00 Man-at-Arms
11:40 Double-Bit Axe
11:45 Loom
14:17 Scale Mail Armor
15:54 Wheelbarrow
17:27 Horse Collar
18:11 Forging
19:43 Town Watch
22:48 Castle Age
22:24 Gold Mining
22:56 Stone Mining
23:50 Squires
23:12 Long Swordsman
23:12 Pikeman
24:28 Chain Mail Armor
Minar
10:52 Feudal Age
15:25 Castle Age
14:25 Double-Bit Axe
14:28 Loom
24:16 Scale Barding Armor
Connection lost

Rejoining the realm…

Still unreachable

The connection could not be restored.

Session expired

The server has moved on; the page needs a fresh start.